 Dungeon Crawl Stone Soup version 0.13-a0-2538-gc238810 (webtiles) character file.

661 Psiweapon the Reanimator (level 6, 0/49 HPs)
             Began as a Deep Dwarf Necromancer on July 28, 2013.
             Slain by a gnoll shaman
             ... wielding a +0,+0 halberd
              (3 damage)
             ... on Level 4 of the Dungeon.
             The game lasted 00:26:03 (3109 turns).

Psiweapon the Reanimator (Deep Dwarf Necromancer)   Turns: 3109, Time: 00:26:03

HP   0/49        AC  4     Str 12      XL: 6   Next: 78%
MP   4/8         EV  2     Int 20      God:
Gold 202         SH  0     Dex 13      Spells:  3 memorised,  2 levels left

Res.Fire  : . . .   See Invis. : .   I - -1,+1 orc war axe
Res.Cold  : . . .   Warding    : .   a - +0 robe
Life Prot.: + + +   Conserve   : .   (no shield)
Res.Poison: +       Res.Corr.  : .   m - +0 dwarf helmet
Res.Elec. : .       Clarity    : .   x - +0 cloak
Sust.Abil.: . .     Spirit.Shd : .   (no gloves)
Res.Mut.  : .       Stasis     : .   (no boots)
Res.Rott. : +       Flight     : .   (no amulet)
Saprovore : . . .                    B - +2 ring of intelligence
                                     p - +1 ring of strength

@: petrified, non-regenerating, somewhat resistant to hostile enchantments,
fairly stealthy
A: damage resistance, recharge devices, sense surroundings 1, slow healing 3
a: Device Recharging


You were on level 4 of the Dungeon.
You were hungry.

You visited 1 branch of the dungeon, and saw 4 of its levels.

You collected 182 gold pieces.

Inventory:

Hand weapons
 i - a +0,+1 dwarven mace
 k - a -1,+0 orcish dagger
 q - a +0,+0 elven dagger (quivered)
 t - a +0,+0 dagger
 u - a +0,+0 dagger
 A - a +3,+3 dwarven dagger
 H - a -1,+1 orcish flail
 I - a -1,+1 orcish war axe (weapon)
Missiles
 C - a poisoned needle
Armour
 a - a +0 robe (worn)
 m - a +0 dwarven helmet (worn)
 x - a +0 cloak (worn)
Magical devices
 c - a wand of heal wounds (3)
Comestibles
 d - 3 bread rations
Scrolls
 g - 2 scrolls of enchant weapon II {unknown}
 h - 2 scrolls of random uselessness {unknown}
 l - 3 scrolls of identify {unknown}
 n - a scroll of amnesia {unknown}
 r - 2 scrolls of teleportation {unknown}
 s - 3 scrolls of remove curse {unknown}
 w - a scroll of fog {unknown}
 y - 2 scrolls of magic mapping {unknown}
 D - a scroll of curse weapon {unknown}
Jewellery
 p - a +1 ring of strength (left hand)
 B - a +2 ring of intelligence (right hand)
 F - an uncursed ring of ice
Potions
 e - a potion of heal wounds
 f - a potion of might {unknown}
 j - a potion of resistance {unknown}
 o - a potion of slowing {unknown}
 z - a potion of brilliance {unknown}
 E - a potion of berserk rage {unknown}
 G - a potion of magic {unknown}
Books
 b - a book of Necromancy

   Spells                             Type                      Level
   *Pain                              Necromancy                   1
   *Animate Skeleton                  Necromancy                   1
   Lethal Infusion                    Charms/Necromancy            2
   *Vampiric Draining                 Necromancy                   3
   Regeneration                       Charms/Necromancy            3
   Animate Dead                       Necromancy                   4
   Control Undead                     Necromancy                   4


   Skills:
 + Level 0.2 Axes
 - Level 2.1 Dodging
 - Level 2.4 Stealth
 - Level 1.0 Spellcasting
 + Level 9.0 Necromancy


You had 2 spell levels left.
You knew the following spells:

 Your Spells              Type           Power        Failure   Level  Hunger
a - Pain                  Necr           ####         1%          1    ##.....
b - Vampiric Draining     Necr           #####.....   1%          3    ####...
c - Animate Skeleton      Necr           N/A          1%          1    ##.....


Dungeon Overview and Level Annotations

Branches:
Dungeon (4/27)
 Temple: D:4-7

Altars:


Innate Abilities, Weirdness & Mutations

You are resistant to damage.
You can recharge devices by infusing magical energy.
You passively map a small area around you.
You do not heal naturally.


Message History

The gnoll hits you with an uncursed whip.
The gnoll hits you with an orcish hammer!
The gnoll shaman hits you with a halberd!
* * * LOW HITPOINT WARNING * * *
The gnoll hits you with an uncursed whip.
* * * LOW HITPOINT WARNING * * *
The gnoll hits you but does no damage.
The gnoll hits you with an uncursed whip!
* * * LOW HITPOINT WARNING * * *
The gnoll hits you with an orcish hammer!
* * * LOW HITPOINT WARNING * * *
The gnoll shaman hits you with a halberd!
* * * LOW HITPOINT WARNING * * *
The gnoll hits you with an uncursed whip.
* * * LOW HITPOINT WARNING * * *
The gnoll hits you with an orcish hammer.
* * * LOW HITPOINT WARNING * * *
The gnoll hits you with an uncursed whip.
The gnoll shaman hits you with a halberd!
You die...

,, . ##......# #.>#
##..##### #......# #..#
.......# #......# #..# *
#......# ####..(# #..#
#......# #...# ..#
######......# #.%z# ..#
............# ###z# ...
,g...#......###### #z# *..#
..<..'.....)ggg@.###
#.####..# ,
....##.....##gg...#
#.#......
,.....'......##.)...#
#.#......
....#...(..##..(..#
#........ ,...
#....%.##.(...#######......
,.
#......)[##.......#.z......
,
,#.....)..########.#z#z.....
, #.####)).# #z#z#.%.... *
*#.####)..########)#'#).....


You could see a gnoll shaman and 4 gnolls.

Vanquished Creatures
  The ghost of Restia the Poker, an average TeFi (D:4)
  An ogre (D:4)
  4 orc wizards
  2 orc priests (D:4)
  2 adders (D:3)
  A gnoll (D:4)
  A giant mite (D:1)
  An inept feature mimic (D:3)
  A worm (D:3)
  A giant gecko (D:1)
  4 oozes (D:1)
  12 orcs
  2 ball pythons
  8 bats
  A bat skeleton (D:4)
  A giant cockroach (D:4)
  8 hobgoblins
  10 kobolds
  9 giant newts
  6 goblins
  11 rats
87 creatures vanquished.

Vanquished Creatures (collateral kills)
  A goblin (D:4)
1 creature vanquished.

Vanquished Creatures (others)
  A giant newt skeleton (D:3)
  A hobgoblin skeleton (D:3)
  3 kobold skeletons (D:4)
  9 orc skeletons
  2 rat skeletons
16 creatures vanquished.

Grand Total: 104 creatures vanquished

Notes
Turn   | Place    | Note
--------------------------------------------------------------
     0 | D:1      | Psiweapon, the Deep Dwarf Necromancer, began the quest for the Orb.
     0 | D:1      | Reached XP level 1. HP: 15/15 MP: 3/3
     6 | D:1      | Noticed a black mamba
     6 | D:1      | Noticed a lindwurm
     8 | D:1      | Noticed a grizzly bear
   210 | D:1      | Reached XP level 2. HP: 22/22 MP: 1/4
   306 | D:1      | Reached skill level 5 in Necromancy
   452 | D:1      | Reached XP level 3. HP: 20/28 MP: 3/5
   457 | D:1      | Learned a level 3 spell: Vampiric Draining
  1831 | D:3      | Reached skill level 6 in Necromancy
  1831 | D:3      | Reached XP level 4. HP: 30/36 MP: 5/7
  1834 | D:3      | Learned a level 1 spell: Animate Skeleton
  2050 | D:3      | Reached XP level 5. HP: 35/42 MP: 8/8
  2109 | D:3      | Reached skill level 7 in Necromancy
  2767 | D:4      | Noticed an ogre
  2770 | D:4      | Noticed Restia's ghost (average TeFi)
  2789 | D:4      | Killed an ogre
  2789 | D:4      | Reached skill level 8 in Necromancy
  2789 | D:4      | Reached XP level 6. HP: 7/49 MP: 5/9
  2828 | D:4      | Killed Restia's ghost
  3090 | D:4      | Reached skill level 9 in Necromancy
  3109 | D:4      | Slain by a gnoll shaman

Action                   |  1- 3 |  4- 6 || total
-------------------------+-------+-------++-------
Melee: Mace              |    65 |   113 ||   178
       War axe           |       |     5 ||     5
Throw: Dagger            |     3 |       ||     3
 Cast: Pain              |    39 |    10 ||    49
       Vampiric Draining |     7 |    21 ||    28
       Animate Skeleton  |       |    20 ||    20
 Abil: Device Recharging |       |     1 ||     1
Evoke: Wand              |       |     6 ||     6
  Use: Potion            |       |     1 ||     1
 Stab: Sleeping          |     2 |       ||     2
